 Dungeon Crawl Stone Soup version 0.27-a0-1248-g57ac2eb73c (webtiles) character file.

Game seed: 2398013557958341892

56 Delamore the Skirmisher (level 4, 0/37 HPs)
             Began as a Formicid Fighter on June 10, 2021.
             Was a Believer of Elyvilon.
             Succumbed to an adder's poison
             ... on level 2 of the Dungeon.
             The game lasted 00:01:10 (893 turns).

Delamore the Skirmisher (Formicid Fighter)           Turns: 893, Time: 00:01:10

Health: 0/37       AC:  6    Str: 21    XL:     4   Next: 15%
Magic:  4/4        EV:  8    Int:  8    God:    Elyvilon [**....]
Gold:   40         SH: 10    Dex: 10    Spells: 3/3 levels left

rFire    . . .     SeeInvis +   a - +0 trident
rCold    . . .     Faith    .   c - +1 kite shield
rNeg     . . .     Spirit   .   b - +0 scale mail
rPois    .         Reflect  .   (helmet unavailable)
rElec    .         Harm     .   (no cloak)
rCorr    .         Rampage  .   (no gloves)
Will     .....                  (no boots)
Stlth    ..........             (no amulet)
HPRegen  0.12/turn              (no ring)
MPRegen  0.09/turn              (no ring)

@: lethally poisoned (0 -> -2)
A: permanent stasis, dig shafts and tunnels, antennae 3, four strong arms
a: Dig, Shaft Self, Renounce Religion, Lesser Healing, Heal Other, Divine
Protection


You were on level 2 of the Dungeon.
You worshipped Elyvilon.
Elyvilon was pleased with you.
You visited 1 branch of the dungeon, and saw 2 of its levels.

You collected 40 gold pieces.

Inventory:

Hand Weapons
 a - a +0 trident (weapon)
Missiles
 e - 4 boomerangs
Armour
 b - a +0 scale mail (worn)
 c - a +1 kite shield (worn)
Jewellery
 f - an amulet of reflection
Scrolls
 h - a scroll of brand weapon
Potions
 d - a potion of might


   Skills:
 + Level 4.0 Fighting
 * Level 3.5 Polearms
 - Level 3.2 Armour
 - Level 3.6 Shields


You had 3 spell levels left.
You didn't know any spells.
Your spell library contained the following spells:

 Spells                   Type           Power      Damage    Failure   Level
 Confusing Touch          Hex            0%         N/A       100%        3
 Gell's Gravitas          Tloc           0%         N/A       100%        3
 Petrify                  Tmut/Erth      0%         N/A       100%        4
 Metabolic Englaciation   Hex/Ice        0%         N/A       100%        5
 Yara's Violent Unravell  Hex/Tmut       0%         3d3       100%        5


Dungeon Overview and Level Annotations

Branches:
Dungeon (2/15)

Altars:
Elyvilon


Innate Abilities, Weirdness & Mutations

You cannot be hasted, slowed, berserked, paralysed or teleported.
You can dig through walls and to a lower floor.
You have a pair of large antennae on your head. (SInv)
Your four strong arms can wield two-handed weapons with a shield.


Message History

Your shield and scale mail prevent you from hitting the hobgoblin.
The gnoll shouts!
The hobgoblin barely misses you. The hobgoblin hits you.
You hit the hobgoblin but do no damage.
The hobgoblin hits you but does no damage.
An endoplasm comes into view.
The endoplasm quivers.
You hit the gnoll.
The gnoll is moderately wounded.
You block the hobgoblin's attack. You block the gnoll's attack.
The adder bites you but does no damage. You block the hobgoblin's attack.
The gnoll hits you with a +0 club.
You hit the gnoll.
The gnoll is severely wounded.
The adder bites you but does no damage. You block the hobgoblin's attack.
The gnoll hits you with a +0 club.
You hit the gnoll.
The gnoll is severely wounded.
The adder bites you but does no damage. The hobgoblin hits you.
The adder bites you.
You are poisoned.
The adder poisons you! You block the gnoll's attack.
You puncture the gnoll!
You kill the gnoll!
You feel sick. You block the adder's attack. You block the hobgoblin's attack.
The gnoll hits you from afar with a +0 halberd!
* * * LOW HITPOINT WARNING * * *
The adder bites you but does no damage. The hobgoblin barely misses you.
The gnoll barely misses you.
Your Fighting skill increases to level 4!
You have reached level 4!
You feel clever.
* * * LOW HITPOINT WARNING * * *
You feel sick.
You see here a bat corpse.
Okay, then.
Okay, then.
You are too injured to fight recklessly!
Unknown command.
You die...

#......## #...###
#.......####.#...#
#.......#......#.##
####.##.#....#....#
#.##........#..##
#.##......#.....
#......#.)....#.###..
##.....#....#!......#
#...#.†###..@#S##..#.
........ #.#.rg......
.............g#gg...#.
............#..Jg....>
..............####...#
####......##.. ...
#.....# ###. .. #..<#
$# #


You could see 3 gnolls, an endoplasm, a hobgoblin, a goblin and a rat.

Vanquished Creatures
  A gnoll (D:2)
  A worm (D:2)
  A dart slug (D:1)
  4 endoplasms
  A giant cockroach (D:1)
  6 goblins
  4 hobgoblins
  3 jackals (D:1)
  A quokka (D:1)
  3 ball pythons
  3 bats
  A frilled lizard (D:1)
  3 kobolds (D:1)
  4 rats (D:1)
36 creatures vanquished.

Notes
Turn   | Place    | Note
-------+----------+-------------------------------------------
     0 | D:1      | Delamore the Formicid Fighter began the quest for the Orb.
     0 | D:1      | Reached XP level 1. HP: 18/18 MP: 1/1
   118 | D:1      | Reached XP level 2. HP: 24/24 MP: 2/2
   153 | D:1      | Noticed an eye of devastation
   222 | D:1      | Found a faded altar of an unknown god.
   223 | D:1      | Noticed a shining eye
   223 | D:1      | Noticed an eye of devastation
   223 | D:1      | Noticed a great orb of eyes
   229 | D:1      | Became a worshipper of Elyvilon the Healer
   229 | D:1      | Reached * piety under Elyvilon
   454 | D:1      | Reached XP level 3. HP: 29/29 MP: 3/3
   633 | D:1      | Reached ** piety under Elyvilon
   892 | D:2      | Reached skill level 4 in Fighting
   892 | D:2      | Reached XP level 4. HP: 2/37 MP: 4/4
   892 | D:2      | HP: 1/37 [poisoned by an adder]
   893 | D:2      | Succumbed to an adder's poison

Illustrated notes

Levels and vault maps discovered:
D:1:      dpeg_arrival_rooms_b, layout_basic,
          hellmonk_ecumenical_altar_watching_god, kennysheep_decorative_pillar
D:2:      minmay_chambers_of_ones, layout_rooms, minmay_misc_feat_pillars,
          uniq_crazy_yiuf_cottage

Skill      XL: |  1  2  3 |
---------------+----------+-----
Polearms       | 3 |  3.5
Fighting       | 4 |  4.0
Armour         | |  3.2
Shields        | |  3.6

Action                   |  1- 3 |  4- 6 || total
-------------------------+-------+-------++-------
Melee: Trident           |   104 |       ||   104
  Use: Scroll            |     3 |       ||     3
Armor: Scale mail        |    39 |       ||    39
Dodge: Dodged            |    26 |       ||    26
Block: Kite shield       |    52 |       ||    52

Table legend: (Time is in decaauts)
 A = Elapsed time spent in this place.
 B = Non-inter-level travel time spent in this place.
 C = Inter-level travel time spent in this place.
 D = Time resting spent in this place.
 E = Time spent auto-exploring this place.
 F = Levels seen in this place.
 G = Mean time per level.
                   A        B        C        D        E       F      G
               +--------+--------+--------+--------+--------+-----+--------+
         Total |    928 |    899 |     29 |      0 |    656 |   2 |  464.0 |
       Dungeon |    928 |    899 |     29 |      0 |    656 |   2 |  464.0 |
               +--------+--------+--------+--------+--------+-----+--------+

Top non-repeatable levels by time:
     D:1: 750 daAuts
     D:2: 178 daAuts
